 Dungeon Sprint DCSS version 0.17-a0-1450-g7e755d1 (webtiles) character file.

3570 shklvsk the Carver (level 9, -2/69 HPs)
             Began as a Demonspawn Abyssal Knight on June 30, 2015.
             Was the Champion of Lugonu.
             Slain by a death yak (20 damage)
             ... in the Dungeon (Sprint IX: "|||||||||||||||||||||||||||||").
             The game lasted 00:04:23 (800 turns).

shklvsk the Carver (Demonspawn Abyssal Knight)       Turns: 800, Time: 00:04:24

Health: -2/69      AC: 14    Str: 16    XL:     9   Next: 84%
Magic:  25/25      EV: 16    Int: 19    God:    Lugonu [******]
Gold:   0          SH:  0    Dex: 14    Spells: 0 memorised, 8 levels left

rFire  + . .     SeeInvis .     o - +2 scimitar (flame)
rCold  . . .     Clarity  .     u - +3 ring mail of Paloapn {rF+ MP+9 Int+4}
rNeg   . . .     SustAt   .     (no shield)
rPois  .         Gourm    .     (helmet restricted)
rElec  .         Spirit   .     (no cloak)
rCorr  .         Warding  .     (no gloves)
rMut   .         NoTele   +     q - +0 pair of boots
MR     .....                    (no amulet)
Stlth  +.........               n - +2 ring of protection
                                m - +3 ring of strength

@: not resistant to hostile enchantments, very unstealthy
A: horns 2, icy blue scales 1, powered by death 1, rot immunity
a: Bend Space, Banish, Corrupt, Renounce Religion


You were in the Dungeon.
You worshipped Lugonu.
Lugonu was exalted by your worship.
You were hungry.

You visited 1 branch

Inventory:

Hand weapons
 a - a +1 falchion
 o - a +2 scimitar of flaming (weapon)
Armour
 p - a +0 helmet
 q - a +0 pair of boots (worn)
 r - a +1 chain mail
 u - the +3 ring mail of Paloapn (worn) {rF+ MP+9 Int+4}
   (You found it in the Dungeon)

   It affects your intelligence (+4).
   It protects you from fire.
   It affects your magic capacity (+9).
Jewellery
 m - a +3 ring of strength (left hand)
 n - a +2 ring of protection (right hand)
Magical devices
 l - a wand of cold (7)
Scrolls
 i - 3 scrolls of blinking
 j - 3 scrolls of remove curse
 k - 2 scrolls of amnesia
 v - 2 scrolls of fear
 w - a scroll of fog
 x - a scroll of identify
Potions
 d - a potion of invisibility
 e - 7 potions of heal wounds
 f - a potion of haste
 g - 4 potions of magic
 h - 5 potions of curing
 s - a potion of might
 t - a potion of berserk rage
Comestibles
 b - 7 chunks of flesh
 c - a bread ration


   Skills:
 + Level 5.6 Fighting
 * Level 14.3 Long Blades
 + Level 8.0 Armour
 + Level 10.0 Dodging
 + Level 2.4 Stealth
 + Level 10.1 Invocations


You had 8 spell levels left.
You didn't know any spells.

Dungeon Overview and Level Annotations

Branches:
Dungeon (1/1)

Altars:
Cheibriados
Dithmenos
Elyvilon
Fedhas
Gozag
Kikubaaqudgha
Makhleb
Nemelex Xobeh
Okawaru
Qazlal
Ru
Sif Muna
Trog
Vehumet
Xom
Yredelemnul
Zin
The Shining One
Beogh
Jiyva
Lugonu


Innate Abilities, Weirdness & Mutations

You have a pair of horns on your head.
You are partially covered in icy blue scales (AC +1).
You regenerate a little health from kills.
You are immune to rotting.


Message History

The death yak is moderately wounded.
You slash the death yak! You burn the death yak.
The death yak is heavily wounded.
The death yak gores you but does no damage.
You slash the death yak! You burn the death yak!
The death yak is severely wounded.
The death yak gores you.
You hit the death yak. You burn the death yak.
The death yak is severely wounded.
The death yak gores you!!
* * * LOW HITPOINT WARNING * * *
You hit the death yak. You burn the death yak.
The death yak is almost dead.
You hit the death yak. You burn the death yak.
You headbutt the death yak, but do no damage.
The death yak is almost dead.
You feel less regenerative.
You are feeling hungry.
The death yak gores you!!
You die...

▓▓▓▓▓▓▓
▓...▓<▓
▓@▓.▓.▓
▓Y▓.▓.▓
▓.▓.▓.▓
▓.▓.▓.▓
▓.▓.▓(▓
▓.▓.▓.▓
▓'▓.▓.▓
▓.▓.▓.▓
▓.▓.▓.▓


You could see a death yak.

Vanquished Creatures
  A death yak (D)
  A komodo dragon (D)
  A yak (D)
  A hungry ghost (D)
  A porcupine (D)
  A water moccasin (D)
  An ogre (D)
  2 centaurs (D)
  6 crocodiles (D)
  7 giant frogs (D)
  A crimson imp (D)
  A sheep (D)
  An adder (D)
  An adder skeleton (D)
  2 goblins (D)
  A hobgoblin (D)
  3 bats (D)
  2 giant gecko skeletons (D)
  A quokka zombie (D)
  2 rats (D)
37 creatures vanquished.

Vanquished Creatures (others)
  2 hydras (D)
  A centaur warrior (D)
  An orc warrior (D)
4 creatures vanquished.

Grand Total: 41 creatures vanquished

Notes
Turn   | Place    | Note
--------------------------------------------------------------
     0 | D        | shklvsk the Demonspawn Abyssal Knight began the quest for the Orb.
     0 | D        | Reached XP level 1. HP: 18/18 MP: 2/2
    20 | D        | Acquired Lugonu's second power
    26 | D        | Reached skill level 4 in Fighting
    89 | D        | Noticed a centaur
    92 | D        | Acquired Lugonu's third power
   102 | D        | Reached skill level 1 in Dodging
   112 | D        | Gained mutation: You are immune to rotting. [demonic ancestry]
   112 | D        | Reached XP level 2. HP: 22/25 MP: 2/4
   116 | D        | Acquired Lugonu's fourth power
   121 | D        | Killed a centaur
   121 | D        | Reached skill level 5 in Long Blades
   121 | D        | Reached XP level 3. HP: 23/30 MP: 2/6
   121 | D        | Gained mutation: You regenerate a little health from kills. [demonic ancestry]
   121 | D        | Reached XP level 4. HP: 28/37 MP: 2/7
   162 | D        | Found a glowing silver altar of Zin.
   162 | D        | Found a glowing golden altar of the Shining One.
   162 | D        | Found an ancient bone altar of Kikubaaqudgha.
   162 | D        | Found a basalt altar of Yredelemnul.
   162 | D        | Found a shimmering altar of Xom.
   162 | D        | Found a radiant altar of Vehumet.
   163 | D        | Found an iron altar of Okawaru.
   164 | D        | Found a burning altar of Makhleb.
   165 | D        | Found a deep blue altar of Sif Muna.
   166 | D        | Found a bloodstained altar of Trog.
   167 | D        | Found a sparkling altar of Nemelex Xobeh.
   168 | D        | Found a white marble altar of Elyvilon.
   169 | D        | Found a roughly hewn altar of Beogh.
   170 | D        | Found a viscous altar of Jiyva.
   171 | D        | Found a corrupted altar of Lugonu.
   172 | D        | Found a blossoming altar of Fedhas.
   173 | D        | Found a snail-covered altar of Cheibriados.
   174 | D        | Found a shadowy altar of Dithmenos.
   175 | D        | Found a stormy altar of Qazlal.
   176 | D        | Found an opulent altar of Gozag.
   177 | D        | Found a sacrificial altar of Ru.
   201 | D        | Noticed a crimson imp
   201 | D        | Noticed a giant frog
   201 | D        | Noticed an orc warrior
   208 | D        | Killed a giant frog
   208 | D        | Reached skill level 6 in Long Blades
   208 | D        | Reached XP level 5. HP: 22/42 MP: 8/8
   213 | D        | Acquired Lugonu's fifth power
   215 | D        | Banished an orc warrior
   215 | D        | Reached skill level 7 in Long Blades
   215 | D        | Reached skill level 5 in Armour
   215 | D        | Reached skill level 1 in Stealth
   215 | D        | Reached skill level 5 in Invocations
   294 | D        | Killed a crimson imp
   413 | D        | Noticed a giant frog
   413 | D        | Noticed a hungry ghost
   413 | D        | Noticed a centaur
   413 | D        | Noticed an ogre
   413 | D        | Noticed a centaur warrior
   417 | D        | Killed a giant frog
   417 | D        | Reached skill level 8 in Long Blades
   417 | D        | Reached skill level 5 in Dodging
   417 | D        | Gained mutation: You have a pair of small horns on your head. [demonic ancestry]
   417 | D        | Reached XP level 6. HP: 48/48 MP: 10/10
   425 | D        | Killed a hungry ghost
   425 | D        | Reached skill level 9 in Long Blades
   428 | D        | Killed a centaur
   428 | D        | Reached XP level 7. HP: 46/54 MP: 10/12
   431 | D        | Killed an ogre
   433 | D        | Banished a centaur warrior
   433 | D        | Reached skill level 10 in Long Blades
   569 | D        | Got the +3 ring mail of Paloapn {rF+ MP+9 Int+4}
   633 | D        | Noticed a six-headed hydra
   633 | D        | Noticed a giant frog
   633 | D        | Noticed a giant frog
   633 | D        | Noticed a porcupine
   633 | D        | Noticed a crocodile
   633 | D        | Noticed a crocodile
   634 | D        | Banished a six-headed hydra
   634 | D        | Reached skill level 11 in Long Blades
   634 | D        | Gained mutation: You have a pair of horns on your head. [demonic ancestry]
   634 | D        | Reached XP level 8. HP: 60/60 MP: 13/13
   638 | D        | Killed a giant frog
   639 | D        | Killed a giant frog
   641 | D        | Noticed a crocodile
   643 | D        | Noticed a crocodile
   646 | D        | Killed a porcupine
   646 | D        | Reached skill level 12 in Long Blades
   653 | D        | Killed a crocodile
   657 | D        | Killed a crocodile
   661 | D        | Killed a crocodile
   666 | D        | Killed a crocodile
   671 | D        | Noticed a crocodile
   678 | D        | Killed a crocodile
   682 | D        | Noticed a crocodile
   682 | D        | Noticed a yak
   682 | D        | Noticed a giant frog
   682 | D        | Noticed a water moccasin
   682 | D        | Noticed a giant frog
   683 | D        | Noticed a seven-headed hydra
   686 | D        | Killed a crocodile
   689 | D        | Killed a yak
   689 | D        | Gained mutation: You are partially covered in icy blue scales (AC +1). [demonic ancestry]
   689 | D        | Reached XP level 9. HP: 59/65 MP: 15/15
   691 | D        | Killed a giant frog
   692 | D        | Banished a seven-headed hydra
   692 | D        | Reached skill level 13 in Long Blades
   696 | D        | Noticed a giant frog
   698 | D        | Noticed a komodo dragon
   700 | D        | Killed a water moccasin
   702 | D        | Killed a giant frog
   708 | D        | Killed a giant frog
   717 | D        | Killed a komodo dragon
   717 | D        | Reached skill level 5 in Fighting
   735 | D        | Noticed a yak
   735 | D        | Noticed a death yak
   735 | D        | Noticed a death yak
   735 | D        | Noticed a catoblepas
   735 | D        | Noticed a death yak
   735 | D        | Noticed a death yak
   788 | D        | Killed a death yak
   788 | D        | Reached skill level 14 in Long Blades
   788 | D        | Reached skill level 10 in Dodging
   788 | D        | Reached skill level 10 in Invocations
   800 | D        | Slain by a death yak

Vault maps used:
D:        linesprint

Action                   |  1- 3 |  4- 6 |  7- 9 || total
-------------------------+-------+-------+-------++-------
Melee: Falchion          |    49 |    62 |       ||   111
       Scimitar          |       |    19 |    97 ||   116
Invok: Banish            |       |     1 |     3 ||     4
  Use: Potion            |     2 |       |       ||     2
  Eat: Chunk             |       |       |     3 ||     3
